 Dungeon Crawl Stone Soup version 0.28.0 (webtiles) character file.

Game seed: 1762052539624086205

364 HallandMoats the Skirmisher (level 6, -7/32 HPs)
             Began as a Vine Stalker Fighter on Feb 7, 2022.
             Killed by divine providence
             ... invoked by an orc priest
              (10 damage)
             ... on level 4 of the Dungeon.
             The game lasted 00:03:42 (2945 turns).

HallandMoats the Skirmisher (Vine Stalker Fighter)  Turns: 2945, Time: 00:03:42

Health: -7/32      AC:  7    Str: 18    XL:     6   Next: 67%
Magic:  0/8        EV: 10    Int:  8    God:
Gold:   80         SH:  5    Dex: 16    Spells: 5/5 levels left

rFire   . . .      SeeInvis .   a - +0 war axe
rCold   . . .      Faith    .   c - +0 buckler
rNeg    . . .      Spirit   +   b - +0 scale mail
rPois   .          Reflect  .   d - +0 helmet
rElec   .          Harm     .   (no cloak)
rCorr   .          Rampage  .   (no gloves)
Will    .....                   (no boots)
Stlth   +.........              (no amulet)
HPRegen 0.90/turn               (no ring)
MPRegen 0.11/turn               (no ring)

@: no status effects
A: fangs 2, regeneration 1, magic shield, antimagic bite, no potion heal 2
a: no special abilities


You were on level 4 of the Dungeon.
You visited 1 branch of the dungeon, and saw 4 of its levels.

You collected 116 gold pieces.
You spent 36 gold pieces at shops.

Inventory:

Hand Weapons
 a - a +0 war axe (weapon)
Missiles
 r - a throwing net (quivered)
Armour
 b - a +0 scale mail (worn)
 c - a +0 buckler (worn)
 d - a +0 helmet (worn)
Scrolls
 f - 2 scrolls of teleportation {unknown}
 g - a scroll of enchant armour {unknown}
 h - 6 scrolls of identify {unknown}
 i - a scroll of torment {unknown}
 k - 3 scrolls of fear {unknown}
 p - a scroll of immolation {unknown}
Potions
 e - a potion of resistance {unknown}
 j - 3 potions of heal wounds {unknown}
 l - a potion of haste {unknown}
 m - a potion of invisibility {unknown}
 n - 3 potions of curing
 o - a potion of cancellation {unknown}
 q - 2 potions of degeneration {unknown}


   Skills:
 + Level 3.4 Fighting
 + Level 2.8 Axes
 + Level 3.1 Armour
 + Level 1.8 Dodging
 + Level 2.9 Stealth
 + Level 3.4 Shields
 + Level 2.1 Invocations


You had 5 spell levels left.
You didn't know any spells.
Your spell library contained the following spells:

 Spells                   Type           Power      Damage    Failure   Level
 Ensorcelled Hibernation  Hex/Ice        0%         N/A       95%         2
 Passwall                 Tmut/Erth      0%         N/A       95%         2
 Call Canine Familiar     Summ           0%         N/A       99%         3
 Portal Projectile        Hex/Tloc       0%         N/A       99%         3
 Swiftness                Air            0%         N/A       99%         3
 Leda's Liquefaction      Hex/Erth       0%         N/A       100%        4


Dungeon Overview and Level Annotations

Branches:
Dungeon (4/15)
 Temple: D:4-7

Altars:
Cheibriados

Shops:
D:1 :   D:3 !


Innate Abilities, Weirdness & Mutations

You have extremely sharp teeth.
Your natural rate of healing is unusually fast.
When hurt, damage is shared between your health and your magic reserves.
Your bite disrupts and absorbs the magic of your enemies.
Potions cannot restore your health.


Message History

You slash the orc priest! Your bite misses the orc priest.
The orc priest is heavily wounded.
The orc priest mumbles some strange prayers to Beogh against you.
Beogh smites you!
You hit the orc priest.
The orc priest is almost dead.
The orc priest invokes the aid of Beogh against you.
Beogh smites you!
The orc priest casts a cantrip, but nothing happens.
You barely miss the orc priest.
The orc priest is almost dead.
The orc priest barely misses you.
You closely miss the orc priest.
The orc priest is almost dead.
The orc priest begins to cast a cantrip, but forgets the words!
You hit the orc priest but do no damage.
The orc priest is almost dead.
The orc priest hits you with a +0 short sword.
The orc priest invokes the aid of Beogh against you.
Pain shoots through your body!
* * * LOW HITPOINT WARNING * * *
You closely miss the orc priest. Your bite misses the orc priest.
The orc priest is almost dead.
The orc priest hits you with a +0 short sword.
* * * LOW HITPOINT WARNING * * *
You hit the orc priest but do no damage.
The orc priest is almost dead.
The orc priest hits you but does no damage.
The orc priest barely misses you.
You hit the orc priest but do no damage.
The orc priest is almost dead.
The orc priest invokes the aid of Beogh against you.
Beogh smites you!
* * * LOW HITPOINT WARNING * * *
You closely miss the orc priest.
You bite the orc priest, but do no damage.
The orc priest is almost dead.
The orc priest calls down the wrath of Beogh upon you.
Beogh smites you!
You die...

#.........######## #.
+.........#.. ..# #..
#.....(##.#.# #.#
#..####......#.#.####.##
#>...............)......
#..........#...#.####...
.#........#####.# #...
#....o...# #.# ##..
#....@...#####.# #..
#..............# #..
#####<########## #..
#............. ##+
#...#########. #... #[.
#. #


You could see an orc priest.

Vanquished Creatures
  An ogre (D:4)
  2 hounds (D:4)
  An orc priest (D:3)
  A hound skeleton (D:4)
  Robin (D:3)
  7 gnolls
  3 adders
  6 orcs (D:3)
  A bat (D:2)
  5 endoplasms
  2 giant cockroaches (D:1)
  8 goblins
  10 hobgoblins
  2 jackals (D:3)
  6 quokkas
  2 ball pythons
  6 frilled lizards
  5 kobolds
  4 rats
73 creatures vanquished.

Notes
Turn   | Place    | Note
-------+----------+-------------------------------------------
     0 | D:1      | HallandMoats the Vine Stalker Fighter began the quest for
                  | the Orb.
     0 | D:1      | Reached XP level 1. HP: 11/11 MP: 2/2
    91 | D:1      | Found Jallynk Othre's Book Shop.
   252 | D:1      | Reached XP level 2. HP: 9/16 MP: 1/3
   953 | D:2      | Reached skill level 1 in Stealth
   953 | D:2      | Reached XP level 3. HP: 19/19 MP: 4/4
  1825 | D:3      | Noticed Robin
  1825 | D:3      | Found Hoiv Tum's Distillery.
  1842 | D:3      | Reached skill level 1 in Dodging
  1843 | D:3      | Reached skill level 1 in Invocations
  1844 | D:3      | Killed Robin
  1845 | D:3      | Gained mutation: Your natural rate of healing is unusually
                  | fast. [Vine Stalker growth]
  1845 | D:3      | Reached XP level 4. HP: 7/24 MP: 0/5
  1903 | D:3      | Bought a potion of curing for 36 gold pieces
  2068 | D:3      | Reached XP level 5. HP: 17/28 MP: 2/6
  2441 | D:4      | Found a snail-covered altar of Cheibriados.
  2729 | D:4      | Noticed an ogre
  2762 | D:4      | Reached XP level 6. HP: 30/32 MP: 8/8
  2945 | D:4      | Killed from afar by an orc priest

Illustrated notes

Levels and vault maps discovered:
D:1:      dpeg_arrival_pits, layout_loops_ring, serial_shops, shop
D:2:      layout_basic, dk_vineyard_1, roderic_nine_men_s_morris,
          lightli_corner_chamber
D:3:      layout_rooms, serial_shops, nicolae_square_shop, columned_hall_lemuel,
          chequers_serial_rivers_small_a, minmay_misc_feat_columns,
          grunt_ministairs_15, uniq_robin
D:4:      layout_basic, mainiacjoe_overflow_catwalk, uniq_blork_the_orc

Skill      XL: |  1  2  3  4  5  6 |
---------------+-------------------+-----
Axes           | 2 |  2.8
Stealth        | 1 2 |  2.9
Dodging        | 1 |  1.8
Invocations    | 1 2 |  2.1
Fighting       | 3 |  3.4
Shields        | 3 |  3.4
Armour         | 3 |  3.1

Action                   |  1- 3 |  4- 6 || total
-------------------------+-------+-------++-------
Melee: War axe           |    72 |   108 ||   180
       Bite              |    16 |    21 ||    37
  Use: Potion            |     1 |       ||     1
Armor: Scale mail        |    32 |    41 ||    73
Dodge: Dodged            |    27 |    62 ||    89
Block: Buckler           |    23 |    30 ||    53
